 Dungeon Crawl Stone Soup version 0.32-a0-913-g739538a (webtiles) character file.

Game seed: 5998382023230809955

541 Dorkslayer the Chopper (level 7, 0/90 HPs)
             Began as a Mountain Dwarf Fighter on Apr 8, 2024.
             Succumbed to a scorpion's poison
             ... on level 5 of the Dungeon.
             The game lasted 00:09:50 (3497 turns).

Dorkslayer the Chopper (Mountain Dwarf Fighter)     Turns: 3497, Time: 00:09:51

Health: 0/90       AC: 12    Str: 21    XL:     7   Next: 5%
Magic:  7/7        EV:  7    Int:  8    God:
Gold:   227        SH:  4    Dex:  9    Spells: 6/6 levels left

rFire   . . .        a - +0 war axe
rCold   . . .        c - +0 buckler
rNeg    . . .        o - +0 chain mail
rPois   .            s - +0 helmet
rElec   .            (no cloak)
rCorr   .            j - +0 pair of gloves of the Lair of Beasts {Slay+3 Stlth+}
SInv    .            (no boots)
Will    .....        b - amulet of magic regeneration Stlth
                     (no ring)
HPRegen 0.35/turn    (no ring)
MPRegen 0.50/turn

%: no passive effects
@: berserking, lethally poisoned (0 -> -13), very quick
A: runic magic, artefact enchanting
a: no special abilities


You were on level 5 of the Dungeon.
You visited 1 branch of the dungeon, and saw 5 of its levels.

You collected 227 gold pieces.

Inventory:

Hand Weapons
 a - a +0 war axe (weapon)
Missiles
 m - 8 boomerangs (quivered)
Armour
 c - a +0 buckler (worn)
 j - the +0 pair of gloves of the Lair of Beasts (worn) {Slay+3 Stlth+}
   (You found it on level 2 of the Dungeon)

   Slay+3:    It affects your accuracy & damage with ranged weapons and melee
   (+3).
   Stlth+:    It makes you more stealthy.
 o - a +0 chain mail (worn)
 s - a +0 helmet (worn)
Jewellery
 b - an amulet of magic regeneration (around neck)
 f - a ring of fire
Wands
 v - a wand of charming (4)
Scrolls
 d - a scroll of noise {unknown}
 g - a scroll of identify {unknown}
 i - a scroll of poison {unknown}
 k - a scroll of torment {unknown}
 p - 4 scrolls of enchant weapon {unknown}
 r - a scroll of revelation {unknown}
 t - a scroll of fog {unknown}
 u - a scroll of blinking {unknown}
Potions
 h - a potion of attraction {unknown}
 l - a potion of magic {unknown}
 n - a potion of invisibility {unknown}
 q - a potion of enlightenment {unknown}


   Skills:
 + Level 4.6 Fighting
 + Level 6.0 Axes
 + Level 4.6 Armour
 + Level 2.1 Dodging
 + Level 3.9 Shields
 * Level 1.1 Evocations


You had 6 spell levels left.
You didn't know any spells.
Your spell library contained the following spells:

 Spells                   Type           Power      Damage    Failure   Level
 Sublimation of Blood     Necr           0%         N/A       77%         2
 Petrify                  Alch/Erth      0%         N/A       100%        4
 Irradiate                Conj/Alch      0%         3d11      100%        5


Dungeon Overview and Level Annotations

Branches:
Dungeon (5/15)
 Temple: D:4-7

Altars:
Elyvilon
Makhleb

Shops:
D:1 [


Innate Abilities, Weirdness & Mutations

Your spellcasting is much less encumbered by armour.
You can use scrolls of enchantment on lesser artefacts.


Message History

You closely miss the scorpion.
The scorpion is lightly wounded.
You feel very sick. The scorpion barely misses you.
You closely miss the scorpion.
The scorpion is lightly wounded.
You feel sick.
The scorpion stings you but does no damage. x2
You closely miss the scorpion.
The scorpion is lightly wounded.
You feel sick.
The scorpion stings you but does no damage.
You closely miss the scorpion.
The scorpion is lightly wounded.
You feel sick. The scorpion barely misses you. The scorpion stings you.
* * * LOW HITPOINT WARNING * * *
You are more poisoned.
The scorpion poisons you!
You hit the scorpion.
The scorpion is lightly wounded.
* * * LOW HITPOINT WARNING * * *
You feel very sick.
The scorpion stings you but does no damage.
You slash the scorpion!
The scorpion is severely wounded.
* * * LOW HITPOINT WARNING * * *
You feel very sick. The scorpion stings you.
* * * LOW HITPOINT WARNING * * *
You are more poisoned.
The scorpion poisons you! The scorpion barely misses you.
It was a potion of berserk rage.
A red film seems to cover your vision as you go berserk!
You feel yourself moving faster!
You feel mighty!
* * * LOW HITPOINT WARNING * * *
You feel very sick.
The scorpion stings you but does no damage.
You barely miss the scorpion.
The scorpion is severely wounded.
You die...

#<# ###.# ...####.# #....
#......######.#.# .
..#####......#.#.# .5
#.#.#.##.#.. #.#
#.#.#.##.##. # ..
#.#.#.##.##.
....#.########.#.#.##.##.
#....Fls@...>#.#.#.##.##.
#.#.########.#...#.....#.
#.###########.
#....)..).)...
#)############ #.# #.#
#.# #.#


You could see a bullfrog, a scorpion and an iguana.

Vanquished Creatures
  Duvessa (D:4)
  A gnoll sergeant (D:5)
  Dowan (D:4)
  A bombardier beetle (D:3)
  2 hounds
  3 gnolls (D:5)
  9 adders
  A white imp (D:5)
  5 dart slugs
  3 ribbon worms (D:2)
  4 orcs
  6 bats
  14 endoplasms
  6 giant cockroaches
  8 goblins
  8 hobgoblins
  2 jackals (D:4)
  5 kobolds
  A quokka (D:1)
  8 ball pythons
  5 frilled lizards
  8 rats
102 creatures vanquished.

Notes
Turn   | Place    | Note
-------+----------+-------------------------------------------
     0 | D:1      | Dorkslayer the Mountain Dwarf Fighter began the quest for
                  | the Orb.
     0 | D:1      | Reached XP level 1. HP: 19/19 MP: 1/1
   195 | D:1      | Reached XP level 2. HP: 23/26 MP: 2/2
   427 | D:1      | Found Suemac's Antique Armour Emporium.
   573 | D:1      | Reached XP level 3. HP: 23/31 MP: 3/3
   966 | D:2      | Reached skill level 3 in Axes
  1042 | D:2      | Reached XP level 4. HP: 40/40 MP: 4/4
  1063 | D:2      | Identified the +0 pair of gloves of the Lair of Beasts
                  | {Slay+3 Stlth+}
  1494 | D:3      | Reached skill level 1 in Dodging
  1658 | D:3      | Reached skill level 4 in Axes
  1658 | D:3      | Reached XP level 5. HP: 23/46 MP: 5/5
  1963 | D:3      | Found a white marble altar of Elyvilon.
  2467 | D:4      | Noticed Dowan
  2467 | D:4      | Noticed Duvessa
  2479 | D:4      | Killed Duvessa
  2480 | D:4      | Reached skill level 5 in Axes
  2480 | D:4      | Reached XP level 6. HP: 48/53 MP: 6/6
  2499 | D:4      | Killed Dowan
  2880 | D:4      | Found a burning altar of Makhleb.
  3305 | D:5      | Entered Level 5 of the Dungeon
  3484 | D:5      | Reached skill level 6 in Axes
  3484 | D:5      | Reached XP level 7. HP: 29/60 MP: 7/7
  3485 | D:5      | Reached skill level 1 in Evocations
  3496 | D:5      | HP: 3/90 [poisoned by a scorpion]
  3497 | D:5      | Succumbed to a scorpion's poison

Illustrated notes

Levels and vault maps discovered:
D:1:      dpeg_arrival_arbitrary_a, layout_loops_ring, serial_shops,
          nicolae_shop_real_fake_doors
D:2:      layout_rooms
D:3:      minmay_wonky_spiral, layout_basic, elyvilon_altar_5,
          serial_bayou_pond_e, guppyfry_early_orc_mine
D:4:      layout_layer_cave, mainiacjoe_overflow_paths, uniq_duvessa
D:5:      layout_basic, mainiacjoe_overflow_concentric_impassable,
          minmay_fractal_squares_5, uniq_crazy_yiuf_cottage

Skill      XL: |  1  2  3  4  5  6  7 |
---------------+----------------------+-----
Axes           | 3 4 5 6 |  6.0
Armour         | 4 |  4.6
Dodging        | 1 2 |  2.1
Fighting       | 4 |  4.6
Evocations     | 1 |  1.1
Shields        | |  3.9

Action                     |  1- 3 |  4- 6 |  7- 9 || total
---------------------------+-------+-------+-------++-------
  Melee: War axe           |   113 |   144 |    13 ||   270
  Throw: Boomerang         |       |     8 |       ||     8
    Use: Potion            |       |     1 |     1 ||     2
 Armour: Scale mail        |    87 |    46 |       ||   133
         Chain mail        |       |    72 |    12 ||    84
  Dodge: Dodged            |    48 |    58 |     4 ||   110
  Block: Buckler           |    25 |    23 |     2 ||    50

Table legend: (Time is in decaauts)
 A = Elapsed time spent in this place.
 B = Non-inter-level travel time spent in this place.
 C = Inter-level travel time spent in this place.
 D = Time resting spent in this place.
 E = Time spent auto-exploring this place.
 F = Levels seen in this place.
 G = Mean time per level.
                   A        B        C        D        E       F      G
               +--------+--------+--------+--------+--------+-----+--------+
         Total |   3593 |   3593 |      0 |      0 |   1609 |   5 |  718.6 |
       Dungeon |   3593 |   3593 |      0 |      0 |   1609 |   5 |  718.6 |
               +--------+--------+--------+--------+--------+-----+--------+

Top non-repeatable levels by time:
     D:1: 993 daAuts
     D:3: 934 daAuts
     D:4: 922 daAuts
     D:2: 539 daAuts
     D:5: 203 daAuts
